 Dungeon Crawl Stone Soup version 0.18.1-5-g4a78601 (webtiles) character file.

219 oplop the Changer (level 5, -2/33 HPs)
             Began as an Octopode Transmuter on May 9, 2016.
             Slain by a gnoll
             ... wielding a +0 spear
              (4 damage)
             ... on level 4 of the Dungeon.
             The game lasted 00:05:56 (3356 turns).

oplop the Changer (Octopode Transmuter)             Turns: 3356, Time: 00:05:57

Health: -2/33      AC:  1    Str:  9    XL:     5   Next: 96%
Magic:  6/10       EV: 12    Int: 16    God:
Gold:   155        SH:  0    Dex: 13    Spells: 4 memorised, 1 level left

rFire  . . .     SeeInvis .       - Unarmed
rCold  . . .     Gourm    .     (no shield)
rNeg   . . .     Faith    .     (helmet restricted)
rPois  .         Spirit   .     (no amulet)
rElec  .         Dismiss  .     (no ring)
rCorr  .         Reflect  .     (no ring)
SustAt .         Harm     .     (no ring)
MR     .....                    (no ring)
Stlth  +.........               (no ring)
                                (no ring)
                                (no ring)
                                (no ring)

@: glowing, not resistant to hostile enchantments, very unstealthy
A: almost no armour, amphibious, 8 rings, constrict 8, camouflage 1, gelatinous
body 1
a: no special abilities


You were on level 4 of the Dungeon.
You were not hungry.

You visited 1 branch of the dungeon, and saw 4 of its levels.

You collected 155 gold pieces.

Inventory:

Hand Weapons
 k - a +2 dagger of venom
Missiles
 a - 9 arrows
Scrolls
 d - 3 scrolls of teleportation {unknown}
 f - 2 scrolls of amnesia {unknown}
 i - 3 scrolls of identify {unknown}
 m - 3 scrolls of enchant armour {unknown}
 n - 2 scrolls of fog {unknown}
 p - a scroll of enchant weapon {unknown}
Potions
 e - 6 potions of agility {unknown}
 h - a potion of cancellation {unknown}
 j - a potion of flight {unknown}
 l - 5 potions of heal wounds {unknown}
 o - a potion of brilliance {unknown}
 s - a potion of mutation {unknown}
Books
 b - a book of Changes

   Spells                             Type                      Level
   a - Beastly Appendage              Transmutation                1
   b - Sticks to Snakes               Transmutation                2
   c - Spider Form                    Transmutation/Poison         3
   d - Ice Form                       Ice/Transmutation            4
   e - Blade Hands                    Transmutation                5
Comestibles
 c - 5 bread rations
 g - a royal jelly
 q - 2 meat rations


   Skills:
 + Level 1.0 Fighting
 + Level 2.0 Dodging
 + Level 3.0 Unarmed Combat
 + Level 3.8 Spellcasting
 + Level 4.2 Transmutations
 + Level 1.5 Ice Magic


You had one spell level left.
You knew the following spells:

 Your Spells              Type           Power        Failure   Level  Hunger
a - Beastly Appendage     Trmt           ###...       3%          1    None
b - Sticks to Snakes      Trmt           ###.....     6%          2    ##.....
c - Spider Form           Trmt/Pois      #.........   21%         3    ###....
d - Ice Form              Ice/Trmt       ##......     63%         4    ####...


Dungeon Overview and Level Annotations

Branches:
Dungeon (4/15)
 Temple: D:4-7

Altars:
Okawaru
Xom
The Shining One

Shops:
D:4 *

Annotations:
D:4 MDvedh's ghost, amateur KoMo


Innate Abilities, Weirdness & Mutations

You cannot wear most types of armour.
You are amphibious.
You can wear up to eight rings at the same time.
You can use your tentacles to constrict eight enemies at once.
Your skin changes colour to match your surroundings (Stealth).
Your rubbery body absorbs attacks (AC +1).


Message History

The gnoll shaman is heavily wounded.
Your transformation has ended.
The gnoll shaman hits you but does no damage.
The gnoll hits you from afar with a spear!
* * * LOW HITPOINT WARNING * * *
The gnoll closely misses you.
The gnoll shaman invokes the aid of its god against you.
You are outlined in light.
The gnoll shaman prays to its god.
The gnoll shaman is healed somewhat.
You see here an adder skeleton.
The gnoll shaman calls upon its god to speed up the gnoll.
The gnoll seems to speed up.
The gnoll shaman utters an invocation to its god.
The gnoll shaman is healed somewhat.
MDvedh's ghost whispers, "Everlasting silence awaits you..."
The gnoll hits you from afar with a spear!
* * * LOW HITPOINT WARNING * * *
The gnoll hits you from afar with a spear.
You die...

#########.<#....
#.............#
#.#########.#.##. #..#
...##.# ##.# #..##.#
#.## .###.## #..#
##....# ###.####
#....## ##..@...##
#....## ##........##
#..gg.. #......g...#
#....## #..........#
##....##
#..........####.......
#.........g##..รท....##
#.............##....#
##.........#####....#
#..........# ######


You could see 2 gnolls.

Vanquished Creatures
  An orc priest (D:3)
  A gnoll (D:4)
  7 adders
  2 oozes
  A worm (D:3)
  4 dart slugs
  2 giant geckos (D:2)
  8 orcs (D:3)
  9 bats
  6 giant cockroaches
  16 goblins
  11 hobgoblins
  10 kobolds
  2 quokkas
  2 giant gecko skeletons (D:4)
  A giant newt (D:2)
  5 rats
88 creatures vanquished.

Vanquished Creatures (others)
  A bat (D:1)
1 creature vanquished.

Grand Total: 89 creatures vanquished

Notes
Turn   | Place    | Note
--------------------------------------------------------------
     0 | D:1      | oplop the Octopode Transmuter began the quest for the Orb.
     0 | D:1      | Reached XP level 1. HP: 13/13 MP: 3/3
    69 | D:1      | Reached XP level 2. HP: 10/18 MP: 3/5
   415 | D:1      | Reached XP level 3. HP: 20/23 MP: 5/7
   893 | D:2      | Reached skill level 3 in Transmutations
  1068 | D:2      | Reached XP level 4. HP: 20/28 MP: 6/8
  1712 | D:2      | Found a glowing golden altar of the Shining One.
  1716 | D:2      | Learned a level 2 spell: Sticks to Snakes
  1720 | D:2      | Learned a level 3 spell: Spider Form
  2321 | D:3      | Learned a level 4 spell: Ice Form
  2328 | D:3      | Found an iron altar of Okawaru.
  2335 | D:3      | Reached XP level 5. HP: 29/33 MP: 8/10
  2501 | D:3      | Reached skill level 4 in Transmutations
  2501 | D:3      | Reached skill level 1 in Ice Magic
  3079 | D:4      | Noticed MDvedh's ghost (amateur KoMo)
  3262 | D:4      | Got an encrusted whip
  3263 | D:4      | Identified the +7 whip "Caememog" {holy, rF++ Dex-5} (You found it on level 4 of the Dungeon)
  3269 | D:4      | Found a shimmering altar of Xom.
  3306 | D:4      | Found Maho Peo's Assorted Antiques.
  3354 | D:4      | HP: 1/33 [gnoll/spear (10)]
  3356 | D:4      | Slain by a gnoll

Skill      XL: |  1  2  3  4  5 |
---------------+----------------+-----
Spellcasting   | 3 |  3.8
Transmutations | 3 4 |  4.2
Ice Magic      | 1 |  1.5
Fighting       | |  1.0
Dodging        | |  2.0
Unarmed Combat | |  3.0

Action                   |  1- 3 |  4- 6 || total
-------------------------+-------+-------++-------
Melee: Unarmed           |    59 |   148 ||   207
       Kick              |     5 |    15 ||    20
       Constrict         |    17 |    27 ||    44
       Tentacles         |    12 |    13 ||    25
       Punch             |     1 |     1 ||     2
 Cast: Beastly Appendage |    11 |    13 ||    24
       Spider Form       |       |     9 ||     9
       Sticks to Snakes  |       |     3 ||     3
 Stab: Sleeping          |       |     1 ||     1
  Eat: Chunk             |     1 |     8 ||     9
Armor: Skin              |     3 |    16 ||    19
Dodge: Dodged            |    36 |   121 ||   157
